 Dungeon Crawl Stone Soup version 0.26.0-8-g74fc34ddfb (webtiles) character file.

Game seed: 17973947667055673987

48 hatsuma the Cudgeller (level 3, -6/33 HPs)
             Began as a Palentonga Fighter on Jan 12, 2021.
             Was an Initiate of Wu Jian.
             Mangled by a human (7 damage)
             ... on level 2 of the Dungeon.
             The game lasted 00:10:43 (983 turns).

hatsuma the Cudgeller (Palentonga Fighter)           Turns: 983, Time: 00:10:44

Health: -6/33      AC:  6    Str: 19    XL:     3   Next: 50%
Magic:  3/3        EV:  5    Int:  8    God:    Wu Jian [......]
Gold:   56         SH:  8    Dex: 10    Spells: 2/2 levels left

rFire    . . .     SeeInvis +   a - +0 flail
rCold    . . .     Faith    .   c - +0 kite shield
rNeg     . . .     Spirit   .   b - +0 scale mail
rPois    .         Reflect  .   (no helmet)
rElec    .         Harm     .   (no cloak)
rCorr    .         Rampage  .   (no gloves)
Will     .....                  (no barding)
Stlth    ..........             (no amulet)
HPRegen  0.11/turn              (no ring)
MPRegen  0.08/turn              (no ring)

@: no status effects
A: large, rugged brown scales 3, see invisible, deformed body, roll 1, armoured
tail
a: Rolling Charge, Renounce Religion


You were on level 2 of the Dungeon.
You worshipped Wu Jian.
Wu Jian was noncommittal.
You visited 1 branch of the dungeon, and saw 2 of its levels.

You collected 56 gold pieces.

Inventory:

Hand Weapons
 a - a +0 flail (weapon)
Armour
 b - a +0 scale mail (worn)
 c - a +0 kite shield (worn)
Scrolls
 e - a scroll of enchant armour {unknown}
 g - a scroll of identify {unknown}
 h - a scroll of enchant weapon {unknown}
 i - a scroll of fog {unknown}
 j - a scroll of remove curse {unknown}
Potions
 d - a potion of might
 f - a potion of lignification {unknown}


   Skills:
 - Level 3.0 Fighting
 + Level 4.0 Maces & Flails
 - Level 2.4 Armour
 - Level 2.4 Shields


You had 2 spell levels left.
You didn't know any spells.
Your spell library was empty.

Dungeon Overview and Level Annotations

Branches:
Dungeon (2/15)

Altars:
Wu Jian
Yredelemnul


Innate Abilities, Weirdness & Mutations

You are completely covered in rugged brown scales. (AC +3, +7% HP)
You have supernaturally acute eyesight. (SInv)
Armour fits poorly on your strangely shaped body.
You can roll at nearby foes to attack.
You have a long armoured tail.


Message History

You barely miss the human. The human hits you but does no damage.
You closely miss the human. The human hits you.
You hit the human.
Your tail-slap misses the human.
The human is lightly wounded.
You block the human's attack.
You closely miss the human.
Your tail-slap misses the human.
The human is lightly wounded.
The human hits you. The human hits you but does no damage.
You hit the human.
The human is moderately wounded.
The human hits you.
* * * LOW HITPOINT WARNING * * *
You sock the human!
The human is severely wounded.
The human hits you!
* * * LOW HITPOINT WARNING * * *
You barely miss the human.
The human is severely wounded.
The human hits you!
You die...

#.####..###.## .
##.#..........# #
..............# ##
#.#..#.##....# #.
##...........# ###. #
#..........#.# ####...
#.#...###....#.###....##
......#p#...............
#...#@#....#.###...##.
#.........)#.########.
#8.#####.8#...# ## ...#
#...####...# # .# #._.#
#...######## #...#
#)...)......
########....####...
#####.............
..................


You could see a human.

Vanquished Creatures
  An adder (D:2)
  A leopard gecko (D:2)
  4 orcs (D:2)
  2 giant cockroaches
  3 goblins
  6 hobgoblins
  A ball python (D:1)
  5 bats
  A jackal skeleton (D:2)
  6 kobolds
  2 rats (D:1)
32 creatures vanquished.

Notes
Turn   | Place    | Note
-------+----------+-------------------------------------------
     0 | D:1      | hatsuma the Palentonga Fighter began the quest for the Orb.
     0 | D:1      | Reached XP level 1. HP: 20/20 MP: 1/1
   142 | D:1      | Reached XP level 2. HP: 25/27 MP: 2/2
   301 | D:1      | Reached skill level 3 in Maces & Flails
   746 | D:2      | Found an ornate altar of the Wu Jian Council.
   752 | D:2      | Noticed a spectral centipede
   752 | D:2      | Noticed a spectral black mamba
   752 | D:2      | Noticed a spectral scorpion
   752 | D:2      | Noticed a spectral cane toad
   755 | D:2      | Became a worshipper of the Wu Jian Council
   856 | D:2      | Found a runed translucent door.
   856 | D:2      | Noticed a human
   863 | D:2      | Reached XP level 3. HP: 29/33 MP: 3/3
   941 | D:2      | Reached skill level 4 in Maces & Flails
   959 | D:2      | Found a basalt altar of Yredelemnul.
   982 | D:2      | HP: 1/33 [human (8)]
   983 | D:2      | Mangled by a human

Illustrated notes

Levels and vault maps discovered:
D:1:      noname_arrival_rooms_in_the_neighbourhood, layout_basic
D:2:      layout_loops_cross, pdpol_wu_jian_five_deadly_venoms,
          xom_teletrap_fun, chequers_ecumenical_altar_lobes,
          dk_yredelemnul_ordeal

Skill      XL: |  1  2  3 |
---------------+----------+-----
Maces & Flails | 3 4 |  4.0
Fighting       | |  3.0
Armour         | |  2.4
Shields        | |  2.4

Action                   || total
-------------------------++-------
Melee: Flail             ||   109
       Tailslap          ||     9
Invok: Lunge             ||     2
 Abil: Rolling Charge    ||    12
Armor: Scale mail        ||    55
Dodge: Dodged            ||    31
Block: Kite shield       ||    49
